 Dungeon Crawl Stone Soup version 0.20.1-1-g8b1a95d (webtiles) character file.

63 darkhara the Chiller (level 3, 0/26 HPs)
             Began as a Demigod Ice Elementalist on Sept 6, 2017.
             Succumbed to a scorpion's poison
             ... on level 3 of the Dungeon.
             The game lasted 00:11:00 (1815 turns).

darkhara the Chiller (Demigod Ice Elementalist)     Turns: 1815, Time: 00:11:00

Health: 0/26       AC:  5    Str: 11    XL:     3   Next: 61%
Magic:  0/9        EV: 13    Int: 21    God:
Gold:   66         SH:  0    Dex: 16    Spells: 4/7 levels left

rFire    . . .     SeeInvis .   j - +0 spear
rCold    . . .     Gourm    .   (no shield)
rNeg     . . .     Faith    .   a - +0 robe
rPois    .         Spirit   .   (no helmet)
rElec    .         Reflect  .   (no cloak)
rCorr    .         Harm     .   h - +2 pair of gloves
MR       .....                  (no boots)
Stlth    ++........             (no amulet)
Regen    0.1/turn               (no ring)
MPRegen  0.2/turn               (no ring)

@: lethally poisoned (0 -> -7)
A: high mp 1
a: no special abilities


You were on level 3 of the Dungeon.
You were full.

You visited 1 branch of the dungeon, and saw 3 of its levels.

You collected 66 gold pieces.

Inventory:

Hand Weapons
 i - a +0 dagger
 j - a +0 spear (weapon)
 k - a +0 short sword
 o - a +0 club
Missiles
 e - 107 stones (quivered)
Armour
 a - a +0 robe (worn)
 g - a +0 leather armour
 h - a +2 pair of gloves (worn)
 n - a +0 ring mail
Scrolls
 f - 2 scrolls of magic mapping
 l - a scroll of identify {unknown}
 p - a scroll of enchant armour
 q - a scroll of remove curse
Books
 b - a book of Frost

   Spells                             Type                      Level
   a - Freeze                         Ice                          1
   b - Throw Frost                    Conjuration/Ice              2
   c - Ozocubu's Armour               Charms/Ice                   3
   d - Throw Icicle                   Conjuration/Ice              4
   e - Summon Ice Beast               Ice/Summoning                4
Comestibles
 d - a royal jelly


   Skills:
 + Level 2.0 Dodging
 + Level 1.9 Stealth
 + Level 2.5 Spellcasting
 + Level 0.8 Conjurations
 + Level 3.6 Ice Magic


You had 4 spell levels left.
You knew the following spells:

 Your Spells              Type           Power        Failure   Level  Hunger
a - Freeze                Ice            ###.         3%          1    None
b - Throw Frost           Conj/Ice       ##....       9%          2    ##.....


Dungeon Overview and Level Annotations

Branches:
Dungeon (3/15)


Innate Abilities, Weirdness & Mutations

You have an increased reservoir of magic. (+10% MP)


Message History

You don't know that spell.
Unknown command.
Unknown command.
Unknown command.
Casting: Throw Frost
Confirm with . or Enter, or press ? or * to list all spells.
Aiming: Throw Frost
Press: ? - help, Shift-Dir - straight line, f/p - scorpion
Aim: a scorpion (heavily wounded)
The puff of frost hits the scorpion.
The scorpion appears unharmed.
The scorpion is heavily wounded.
* * * LOW HITPOINT WARNING * * *
You feel sick. The scorpion completely misses you.
Unknown command.
Unknown command.
Casting: Throw Frost
Confirm with . or Enter, or press ? or * to list all spells.
You don't have enough magic to cast that spell.
Unknown command.
You die...

###### .....#
.....# .....# #
.....## ###.
..%.... .....
#####.......
......#..s........
..[....<..@#......
###...#....# .....
#.. ###.## .... #.
#.# ... # #.# ..
#.# . #.# ...


You could see a scorpion.

Vanquished Creatures
  Jessica (D:2)
  2 dart slugs (D:1)
  2 leopard geckos (D:1)
  A bat (D:1)
  5 goblins
  6 hobgoblins
  A quokka (D:2)
  2 frilled lizards (D:1)
  6 kobolds
  4 rats
30 creatures vanquished.

Notes
Turn   | Place    | Note
-------+----------+-------------------------------------------
     0 | D:1      | darkhara the Demigod Ice Elementalist began the quest for the Orb.
     0 | D:1      | Reached XP level 1. HP: 14/14 MP: 5/5
    94 | D:1      | Reached skill level 3 in Ice Magic
   488 | D:1      | Reached XP level 2. HP: 20/20 MP: 2/7
  1121 | D:1      | Learned a level 2 spell: Throw Frost
  1437 | D:2      | Noticed Jessica
  1445 | D:2      | Killed Jessica
  1445 | D:2      | Reached XP level 3. HP: 23/26 MP: 1/9
  1798 | D:3      | Noticed a scorpion
  1814 | D:3      | HP: 1/26 [poisoned by a scorpion]
  1815 | D:3      | Succumbed to a scorpion's poison

Skill      XL: |  1  2 |
---------------+-------+-----
Ice Magic      | 3 |  3.6
Spellcasting   | 2 |  2.5
Dodging        | 2 |  2.0
Stealth        | |  1.9
Conjurations   | |  0.8

Action                   || total
-------------------------++-------
Melee: Spear             ||    15
       Unarmed           ||     1
 Cast: Freeze            ||    32
       Throw Frost       ||    17
  Use: Scroll            ||     5
       Potion            ||     2
  Eat: Bread ration      ||     2
Armor: Robe              ||    16
Dodge: Dodged            ||    27
